 Dungeon Crawl Stone Soup version 0.25-a0-424-g80bd347ae0 (webtiles) character file.

Game seed: 10904789242838182525, levelgen mode: deterministic

25 Kohma the Stinger (level 3, -1/31 HPs)
             Began as a Naga Venom Mage on Jan 23, 2020.
             Slain by a sky beast (6 damage)
             ... on level 2 of the Dungeon.
             The game lasted 00:04:27 (1318 turns).

Kohma the Stinger (Naga Venom Mage)                 Turns: 1318, Time: 00:04:27

Health: -1/31      AC:  2    Str: 10    XL:     3   Next: 6%
Magic:  0/6        EV: 10    Int: 16    God:
Gold:   36         SH:  0    Dex: 11    Spells: 4/7 levels left

rFire    . . .     SeeInvis +   e - +0 dagger
rCold    . . .     Gourm    .   (no shield)
rNeg     . . .     Faith    .   a - +0 robe
rPois    +         Spirit   .   (no helmet)
rElec    .         Reflect  .   (no cloak)
rCorr    .         Harm     .   (no gloves)
MR       .....                  (no barding)
Stlth    ++........             (no amulet)
HPRegen  0.10/turn              (no ring)
MPRegen  0.10/turn              (no ring)

@: very slightly contaminated, very slow
A: large, see invisible, deformed body, poison resistance, slowness 2, slow
metabolism 1, spit poison 1, AC +1
a: Spit Poison


You were on level 2 of the Dungeon.
You were not hungry.

You visited 1 branch of the dungeon, and saw 2 of its levels.

You collected 36 gold pieces.

Inventory:

Hand Weapons
 b - a +0 hunting sling
 e - a +0 dagger (weapon)
Missiles
 f - 14 sling bullets
 h - 39 stones
 i - 5 poisoned darts (quivered)
Armour
 a - a +0 robe (worn)
Scrolls
 d - a scroll of fear {unknown}
 j - a scroll of remove curse {unknown}
 l - a scroll of teleportation {unknown}
 m - a scroll of identify {unknown}
 n - a scroll of immolation {unknown}
 p - a scroll of blinking {unknown}
Potions
 g - a potion of flight {unknown}
 k - 2 potions of brilliance {unknown}
 o - 2 potions of haste {unknown}
Comestibles
 c - 3 rations


   Skills:
 + Level 1.0 Fighting
 - Level 1.5 Dodging
 - Level 3.0 Stealth
 * Level 2.5 Spellcasting
 - Level 1.0 Transmutations
 * Level 4.6 Poison Magic


You had 4 spell levels left.
You knew the following spells:

 Your Spells              Type           Power        Failure   Level  Hunger
a - Sting                 Tmut/Pois      ##..         6%          1    #......
b - Poisonous Vapours     Pois/Air       #.....       12%         2    ##.....

Your spell library contained the following spells:

 Spells                   Type           Power        Failure   Level  Hunger
 Ignite Poison            Fire/Tmut/Pois #.......     26%         3    ###....
 Olgreb's Toxic Radiance  Pois           ###.....     28%         4    #####..
 Mephitic Cloud           Conj/Pois/Air  #.......     30%         3    ###....


Dungeon Overview and Level Annotations

Branches:
Dungeon (2/15)

Altars:


Innate Abilities, Weirdness & Mutations

You cannot wear boots.
Your serpentine skin is tough. (AC +1)
You have supernaturally acute eyesight. (SInv)
Armour fits poorly on your strangely shaped body.
Your system is resistant to poisons. (rPois)
You cover ground very slowly.
You have a slow metabolism.
You can spit poison.


Message History

The sky beast is moderately wounded.
The sky beast hits you but does no damage.
Casting: Sting (safe; 6% risk of failure)
Confirm with . or Enter, or press ? or * to list all spells.
Aiming: Sting (safe; 6% risk of failure)
Press: ? - help, Shift-Dir - straight line, f/p - sky beast
Aim: a sky beast (moderately wounded, very poisoned)
The sting hits the sky beast.
The sky beast looks as sick as possible!
The sky beast is moderately wounded.
The sky beast barely misses you.
You hit the sky beast but do no damage.
The sky beast is heavily wounded.
The sky beast barely misses you.
You hit the sky beast but do no damage.
The sky beast is heavily wounded.
The sky beast hits you.
* * * LOW HITPOINT WARNING * * *
The sky beast shocks you.
You die...

#...# #...#
#...# #...#
#...# #...#
######+#...#.##.
........@Y......
........(#.#####
...............
........##.####
......... .#
.....%..# #
........#
........#
........#


You could see a sky beast.

Vanquished Creatures
  A worm (D:1)
  2 dart slugs (D:1)
  2 leopard geckos (D:1)
  A hobgoblin (D:1)
  A ball python (D:1)
  6 bats (D:1)
  2 goblins
  A kobold (D:1)
  3 rats (D:1)
19 creatures vanquished.

Vanquished Creatures (others)
  5 toadstools (D:1)
5 creatures vanquished.

Grand Total: 24 creatures vanquished

Notes
Turn   | Place    | Note
-------+----------+-------------------------------------------
     0 | D:1      | Kohma the Naga Venom Mage began the quest for the Orb.
     0 | D:1      | Reached XP level 1. HP: 15/15 MP: 3/3
   120 | D:1      | Reached XP level 2. HP: 7/24 MP: 0/5
   304 | D:1      | Learned a level 2 spell: Poisonous Vapours
  1028 | D:2      | Noticed a sky beast
  1045 | D:1      | Reached skill level 1 in Fighting
  1045 | D:1      | Reached XP level 3. HP: 4/31 MP: 0/6
  1318 | D:2      | Slain by a sky beast

Levels and vault maps discovered:
D:1:      ldierk_walled_garden, layout_rooms, serial_forest,
          infiniplex_forest_straight_3, infiniplex_forest_clump_small,
          infiniplex_forest_lined_room_, infiniplex_forest_end_1,
          infiniplex_forest_end_2, infiniplex_forest_straight_2,
          infiniplex_forest_end_3
D:2:      layout_basic

Skill      XL: |  1  2 |
---------------+-------+-----
Fighting       | 1 |  1.0
Dodging        | |  1.5
Stealth        | |  3.0
Spellcasting   | |  2.5
Transmutations | |  1.0
Poison Magic   | |  4.6

Action                   || total
-------------------------++-------
Melee: Unarmed           ||    13
       Dagger            ||    15
 Cast: Sting             ||    22
       Poisonous Vapours ||     8
 Stab: Sleeping          ||     1
  Eat: Chunk             ||     1
Armor: Robe              ||    11
Dodge: Dodged            ||    30

Table legend:
 A = Non-vault XP
 B = Vault XP
 C = Vault XP percentage of total XP
 D = Non-vault monster count
 E = Vault monster count
 F = Vault count percentage of total count
                 A         B        C        D         E       F
            +---------+---------+-------+---------+---------+-------
      Total |      37 |       0 |   0.0 |      19 |       0 |   0.0
            +---------+---------+-------+---------+---------+-------
        D:1 |      35 |       0 |   0.0 |      18 |       0 |   0.0
        D:2 |       2 |       0 |   0.0 |       1 |       0 |   0.0
            +---------+---------+-------+---------+---------+-------
